Map: New Repugnancy LE

Players

wabbajack

  • Race: Terran Terran
  • League: Diamond
  • Spawn Location: 7:00

FohShizzle - Winner!

  • Race: Zerg Zerg
  • League: Platinum
  • Spawn Location: 1:00

VOD

Have the link to the VOD?

Description

Time

  • Played on: March 16, 2019, 1:50 p.m.
  • Length: 14:01
Show
View Real Time Build Order
Export as new Build Order

wabbajack Terran 

Build Orders: Hellion Opening, Mech 

Get SALT Encoding   

  12  0:00  SCV  
  13  0:13  SCV  
  14  0:18  Supply Depot  
  14  0:25  SCV  
  15  0:40  SCV, Barracks  
  16  0:48  Refinery  
  16  0:52  SCV  
  17  1:04  SCV  
  18  1:16  SCV  
  19  1:28  Orbital Command, Marine  
  20  1:41  Command Center  
  20  1:47  Marine  
  21  1:56  Supply Depot  
  21  1:58  SCV  
  22  2:07  Factory  
  22  2:09  Barracks Reactor  
  22  2:40  SCV  
  23  2:58  SCV  
  24  3:00  Refinery, Orbital Command, Command Center  
  24  3:03  Hellion x2  
  28  3:10  SCV  
  29  3:18  Marine  
  30  3:24  Hellion  
  30  3:25  Hellion  
  34  3:30  SCV x2  
  34  3:45  Factory x2, SCV x2  
  36  3:55  Hellion x2  
  40  3:58  SCV x2  
  42  4:10  SCV x2  
  44  4:17  Supply Depot  
  44  4:21  Supply Depot  
  44  4:23  SCV x2  
  46  4:35  SCV x2  
  46  4:36  Hellion x2  
  46  4:37  Factory Tech Lab x2  
  52  4:47  SCV x2  
  52  4:50  SCV, Engineering Bay  
  55  4:53  Refinery  
  55  4:56  Refinery  
  55  4:59  SCV x2  
  57  5:00  Supply Depot  
  57  5:07  Supply Depot  
  57  5:08  SCV, Supply Depot  
  57  5:11  SCV x2  
  60  5:20  SCV  
  61  5:23  SCV  
  61  5:24  SCV  
  61  5:28  Factory  
  63  5:30  Factory  
  63  5:32  SCV  
  63  5:35  SCV, Infernal Pre-Igniter, Mag-Field Accelerator  
  64  5:36  SCV  
  64  5:37  Hellion  
  68  5:43  Siege Tank  
  68  5:47  Siege Tank  
  75  5:50  SCV x2  
  76  5:58  Armory  
  76  6:02  SCV  
  76  6:03  Armory  
  77  6:04  SCV  
  77  6:08  Missile Turret  
  78  6:11  Missile Turret  
  78  6:19  Cyclone  
  78  6:21  Cyclone  
  78  6:25  Factory Reactor  
  84  6:28  Factory Tech Lab  
  84  6:47  Command Center  
  84  7:00  Command Center  
  84  7:05  Hellion x4  
  84  7:06  Cyclone  
  84  7:07  Cyclone  
  98  7:11  Cyclone  
  98  7:13  Sensor Tower  
  98  7:15  Supply Depot  
  101  7:19  Supply Depot  
  101  7:28  Supply Depot  
  107  7:37  Hellion x4  
  109  7:47  Factory  
  109  7:48  SCV x2  
  111  7:52  Factory, Refinery  
  111  7:56  Missile Turret  
  111  8:00  Refinery, SCV x2  
  113  8:12  SCV x2  
  114  8:15  Planetary Fortress  
  115  8:21  Hellion x3  
  115  8:22  Cyclone, Hellion  
  115  8:24  Cyclone  
  115  8:26  Cyclone  
  130  8:42  SCV  
  130  8:44  SCV  
  130  8:48  Hellion x4  
  140  8:52  Supply Depot  
  140  8:54  Supply Depot x2  
  140  8:55  Supply Depot  
  140  8:57  Supply Depot  
  140  8:59  Planetary Fortress  
  140  9:12  Factory Reactor, Factory Tech Lab  
  140  9:14  SCV x3  
  143  9:23  Hellion x4  
  151  9:24  Cyclone x2  
  151  9:25  Cyclone  
  151  9:26  SCV x3  
  163  9:38  SCV x3  
  138  9:58  Hellion x4  
  138  9:59  Cyclone x4, Hellion x2  
  126  10:03  SCV  
  126  10:04  SCV x3  
  130  10:08  Refinery  
  130  10:09  Refinery  
  100  10:44  Hellion x2  
  100  10:45  Hellion x4  
  100  10:47  Thor x4  
  136  10:57  Terran Ship Weapons Level 1, Terran Vehicle And Ship Armor Level 1  
  136  11:00  SCV x3, Starport  
  139  11:06  Missile Turret  
  139  11:12  SCV x2  
  139  11:13  SCV  
  142  11:22  Hellion x4  
  142  11:23  Hellion  
  142  11:24  SCV x2  
  142  11:25  SCV  
  157  11:26  Hellion  
  157  11:27  Smart Servos  
  157  11:29  Drilling Claws  
  157  11:37  Starport Tech Lab  
  157  11:47  Supply Depot x2  
  157  11:50  SCV x3, Supply Depot  
  160  11:56  Widow Mine  
  160  11:57  Widow Mine  
  160  11:58  Sensor Tower  
  164  12:09  Cyclone x3, Widow Mine x4  
  164  12:11  Cyclone, Raven  
  186  12:16  Supply Depot  
  186  12:17  Supply Depot  
  186  12:21  Supply Depot  
  186  12:40  Command Center  
  88  13:05  Hellion  
  88  13:06  Hellion x5  
  88  13:07  Siege Tank x2  
  88  13:08  Siege Tank x2  
  88  13:11  Banshee  
Show
View Real Time Build Order
Export as new Build Order

FohShizzle Zerg - Winner!

Build Orders: Hatch First 

Get SALT Encoding   

  12  0:01  Drone  
  13  0:13  Overlord  
  13  0:17  Drone  
  14  0:32  Drone x2  
  17  0:35  Drone  
  17  0:54  Hatchery  
  16  0:57  Drone  
  16  1:02  Drone  
  18  1:08  Extractor  
  17  1:18  Spawning Pool  
  16  1:20  Drone  
  16  1:23  Drone  
  18  1:30  Drone  
  19  1:39  Overlord  
  19  1:50  Drone  
  20  2:06  Zergling x4, Queen  
  20  2:08  Queen  
  26  2:16  Overlord  
  26  2:29  Zergling x6  
  29  2:36  Overlord  
  29  2:45  Queen  
  29  2:47  Queen  
  33  2:51  Overlord  
  33  3:04  Drone x4  
  37  3:06  Metabolic Boost  
  37  3:17  Drone x4  
  41  3:25  Drone  
  41  3:38  Drone x2  
  41  3:39  Drone x3  
  46  3:52  Hatchery  
  45  4:02  Baneling Nest  
  44  4:05  Drone x7  
  51  4:14  Overlord, Extractor  
  50  4:30  Overlord  
  50  4:31  Queen  
  52  4:40  Extractor  
  52  4:41  Drone x2  
  52  4:42  Drone  
  52  4:43  Overlord x2  
  52  4:44  Overlord  
  54  4:50  Drone  
  54  4:51  Drone x3  
  58  5:05  Zergling x10  
  63  5:12  Hatchery, Lair  
  62  5:20  Drone  
  62  5:21  Drone x8  
  71  5:29  Queen  
  73  5:38  Drone x2  
  73  5:39  Drone  
  76  5:47  Spore Crawler  
  76  5:48  Spore Crawler  
  74  5:51  Spore Crawler  
  74  5:52  Hatchery  
  72  6:06  Overlord x2  
  72  6:07  Overlord  
  72  6:08  Overlord  
  72  6:25  Overlord x2  
  72  6:34  Evolution Chamber  
  72  6:36  Evolution Chamber  
  70  6:42  Queen  
  72  6:50  Zergling x40  
  72  6:51  Zergling x4  
  72  6:53  Centrifical Hooks  
  94  7:13  Zerg Ground Armor Level 1, Zerg Melee Weapons Level 1  
  90  7:33  Zergling x8  
  90  7:34  Zergling x40  
  113  7:40  Zergling x8  
  113  7:43  Baneling x11  
  117  8:00  Drone x14  
  131  8:12  Extractor  
  130  8:14  Drone  
  130  8:15  Drone x4  
  135  8:37  Zergling x2  
  135  8:38  Zergling x36  
  135  8:40  Drone x2  
  152  8:48  Spore Crawler  
  152  8:54  Zergling x14  
  158  8:55  Overlord  
  158  8:56  Overlord  
  158  9:07  Hatchery  
  157  9:22  Overlord x2  
  157  9:25  Zerg Melee Weapons Level 2  
  157  9:26  Zerg Ground Armor Level 2  
  157  9:32  Zergling x2  
  157  9:33  Zergling x32  
  174  9:46  Spore Crawler  
  137  9:52  Zergling x2  
  137  9:53  Zergling x38  
  147  10:09  Zergling x20  
  148  10:16  Zergling x4  
  148  10:17  Zergling x14  
  147  10:26  Zergling x12  
  145  10:31  Zergling x14  
  129  10:39  Zergling x2  
  129  10:40  Zergling x12  
  119  10:48  Queen  
  122  10:50  Drone x8  
  130  10:57  Zergling x14  
  130  10:58  Baneling x4  
  136  11:14  Infestation Pit  
  135  11:30  Zergling x22  
  135  11:31  Zergling x24  
  158  11:37  Drone x3  
  158  11:38  Drone x5  
  166  11:50  Zergling x2  
  166  11:51  Zergling x18  
  176  11:55  Baneling x8  
  176  11:59  Hive  
  176  12:14  Baneling x11  
  176  12:15  Baneling x15  
  176  12:16  Zergling x2  
  176  12:17  Zergling x36  
  176  12:22  Baneling x3  
  195  12:29  Overlord x4  
  195  12:32  Overseer  
  195  12:33  Overseer  
  195  12:34  Pneumatized Carapace  
  194  12:40  Zergling x2  
  194  12:41  Zergling x20  
  194  12:42  Zergling x2  
  190  12:46  Zergling x28  
  151  13:00  Zergling x14  
  151  13:01  Zergling x14  
  151  13:03  Overseer  
  151  13:04  Overseer  
  133  13:28  Zergling x2  
  133  13:29  Zergling x32  
Tags
 
Add a new tag
Caveats
  • Supply blocks, unpowered buildings, or Contaminate may cause inaccurate times.
  • Supply counts are checked every 10 seconds.